| TOP OF THE 1ST |
|
Tri-City Dust Devils batting - Pitching for Modesto Nuts : LHP Bill Lopez
|
|
Pitching: LHP Bill Lopez
|
|
|
Batting: LHB LaVel Freeman
|
0-0: Called Strike 0-1: Ball 1-1: Called Strike 1-2: Strikes out looking
|
|
Batting: LHB Kevin Jones
|
0-0: Ball 1-0: Foul Ball, location: 2F 1-1: Swinging Strike 1-2: Strikes out swinging
|
|
Batting: RHB Robert Martinez
|
0-0: Ball 1-0: Foul Ball, location: 3F, Error on foul ball, E3 1-1: Swinging Strike 1-2: Ball 2-2: Hit by Pitch
|
|
Batting: RHB Desmond Brooks
|
0-0: Foul Ball, location: 2F 0-1: Foul Ball, location: 2F 0-2: Fly out, F7 (Flyball, 78S, EV 88.1 MPH)
|
| Top of the 1st over - 0 runs, 0 hits, 1 error, 1 left on base; Tri-City 0 - Modesto 0 |
| BOTTOM OF THE 1ST |
|
Modesto Nuts batting - Pitching for Tri-City Dust Devils : LHP Bobby Garcia
|
|
Pitching: LHP Bobby Garcia
|
|
|
Batting: RHB Andre Lowe
|
0-0: Ball 1-0: Bunt for hit to 2R - play at first, batter OUT! 2-3
|
|
Batting: RHB Mike Miller
|
0-0: Ball 1-0: Ball 2-0: Foul Ball, location: 2F 2-1: Ball 3-1: Base on Balls
|
|
Batting: LHB Dave McLaughlin
|
0-0: Ball 1-0: SINGLE (Groundball, 6D, EV 103.1 MPH) Mike Miller to second Runner from 2nd tries for 3rd, SAFE, no throw by CF
|
|
Batting: RHB Antonio Lopez
|
0-0: Ball 1-0: Called Strike 1-1: SINGLE (Line Drive, 89S, EV 93.1 MPH) Mike Miller scores Dave McLaughlin to second Runner from 2nd tries for 3rd, SAFE, no throw by CF
|
|
Batting: RHB James Cecchini
|
0-0: Foul Ball, location: 2F 0-1: Foul Ball, location: 2F 0-2: Ground out 4-3 (Groundball, 4D, EV 105.0 MPH) Dave McLaughlin scores Antonio Lopez to second
|
|
Batting: LHB Nelson Burciaga
|
0-0: Ground out 6-3 (Groundball, 6S, EV 64.4 MPH)
|
| Bottom of the 1st over - 2 runs, 2 hits, 0 errors, 1 left on base; Tri-City 0 - Modesto 2 |
| TOP OF THE 2ND |
|
Tri-City Dust Devils batting - Pitching for Modesto Nuts : LHP Bill Lopez
|
|
Batting: RHB Felipe Hernandez
|
0-0: Called Strike 0-1: Ball 1-1: Ball 2-1: Ball 3-1: Base on Balls
|
|
Batting: LHB Rafael Codinach
|
0-0: Ball 1-0: Foul Ball, location: 2F 1-1: Called Strike 1-2: Ball 2-2: Ball 3-2: 2-RUN HOME RUN (Flyball, 89XD, EV 106.9 MPH), Distance : 393 ft
|
|
Batting: LHB George Priftis
|
0-0: Called Strike 0-1: Foul Ball, location: 2F 0-2: Ball 1-2: Strikes out looking
|
|
Batting: RHB Dennis Glynn
|
0-0: Ball 1-0: Ball 2-0: Ball 3-0: Called Strike 3-1: Foul Ball, location: 2F 3-2: Foul Ball, location: 2F 3-2: Base on Balls
|
|
Batting: RHB Gereld McDermott
|
0-0: Ball 1-0: Foul Ball, location: 2F 1-1: Ball 2-1: Foul Ball, location: 2F 2-2: Fly out, F8 (Flyball, 89XD, EV 97.5 MPH)
|
|
Batting: LHB LaVel Freeman
|
0-0: Hit by Pitch Dennis Glynn to second
|
|
Batting: LHB Kevin Jones
|
0-0: Ball 1-0: Fielders Choice at 2nd, 5-4 (Groundball, 5, EV 102.5 MPH)
|
| Top of the 2nd over - 2 runs, 1 hit, 0 errors, 2 left on base; Tri-City 2 - Modesto 2 |
| BOTTOM OF THE 2ND |
|
Modesto Nuts batting - Pitching for Tri-City Dust Devils : LHP Bobby Garcia
|
|
Batting: RHB Jeff Mace
|
0-0: Called Strike 0-1: Called Strike 0-2: Ball 1-2: Ground out 6-3 (Groundball, 6, EV 90.0 MPH)
|
|
Batting: RHB Jesus Vila
|
0-0: Ball 1-0: Ball 2-0: Ground out U3 (Groundball, 34S, EV 91.3 MPH)
|
|
Batting: RHB Carlos Leal
|
0-0: Called Strike 0-1: Foul Ball, location: 2F 0-2: Foul Ball, location: 2F 0-2: Fly out, F7 (Flyball, 7, EV 80.0 MPH)
|
| Bottom of the 2nd over - 0 runs, 0 hits, 0 errors, 0 left on base; Tri-City 2 - Modesto 2 |
| TOP OF THE 3RD |
|
Tri-City Dust Devils batting - Pitching for Modesto Nuts : LHP Bill Lopez
|
|
Batting: RHB Robert Martinez
|
0-0: Ball 1-0: Ball 2-0: Ball 3-0: Base on Balls
|
|
Batting: RHB Desmond Brooks
|
0-0: Called Strike 0-1: Ball 1-1: Foul Ball, location: 2F 1-2: Foul Ball, location: 2F 1-2: Ball 2-2: Ball 3-2: Foul Ball, location: 2F 3-2: Base on Balls Robert Martinez to second
|
|
Batting: RHB Felipe Hernandez
|
0-0: Foul Ball, location: 2F 0-1: SINGLE (Flyball, 89S, EV 88.8 MPH) Robert Martinez to third Desmond Brooks to second
|
|
Batting: LHB Rafael Codinach
|
0-0: Called Strike 0-1: Foul Ball, location: 2F 0-2: Grounds into double play, 5-4-3 (Groundball, 5, EV 102.5 MPH) Robert Martinez scores Desmond Brooks to third
|
|
Batting: LHB George Priftis
|
0-0: Called Strike 0-1: Called Strike 0-2: Ball 1-2: Ball 2-2: Ball 3-2: Base on Balls
|
|
Batting: RHB Dennis Glynn
|
0-0: Ball 1-0: Foul Ball, location: 2F 1-1: Ball 2-1: Called Strike 2-2: Fielders Choice at 2nd, 5-4 (Groundball, 56, EV 105.6 MPH)
|
| Top of the 3rd over - 1 run, 1 hit, 0 errors, 2 left on base; Tri-City 3 - Modesto 2 |
| BOTTOM OF THE 3RD |
|
Modesto Nuts batting - Pitching for Tri-City Dust Devils : LHP Bobby Garcia
|
|
Batting: RHB Andre Lowe
|
0-0: Called Strike 0-1: Foul Ball, location: 2F 0-2: Ball 1-2: Ball 2-2: Ball 3-2: Ground out U3 (Groundball, 3, EV 85.6 MPH)
|
|
Batting: RHB Mike Miller
|
0-0: Ball 1-0: Called Strike 1-1: Ball 2-1: Ball 3-1: Called Strike 3-2: Base on Balls
|
|
Batting: LHB Dave McLaughlin
|
0-0: Called Strike 0-1: Ball 1-1: Ball 2-1: Swinging Strike 2-2: Fielders Choice at 2nd, 5-4 (Groundball, 56, EV 78.1 MPH)
|
|
Batting: RHB Antonio Lopez
|
0-0: Ball 1-0: Ground out 5-3 (Groundball, 56, EV 87.5 MPH)
|
| Bottom of the 3rd over - 0 runs, 0 hits, 0 errors, 1 left on base; Tri-City 3 - Modesto 2 |
| TOP OF THE 4TH |
|
Tri-City Dust Devils batting - Pitching for Modesto Nuts : LHP Bill Lopez
|
|
Batting: RHB Gereld McDermott
|
0-0: Ball 1-0: Foul Ball, location: 2F 1-1: Fly out, F7 (Flyball, 78D, EV 94.4 MPH)
|
|
Batting: LHB LaVel Freeman
|
0-0: Foul Ball, location: 2F 0-1: Called Strike 0-2: Strikes out swinging
|
|
Batting: LHB Kevin Jones
|
0-0: Ball 1-0: SINGLE (Line Drive, 56D, EV 97.5 MPH)
|
|
Batting: RHB Robert Martinez
|
0-0: Called Strike 0-1: Foul Ball, location: 2F 0-2: Ball Kevin Jones steals 2nd base 1-2: Ground out 1-3 (Groundball, 13S, EV 70.6 MPH)
|
| Top of the 4th over - 0 runs, 1 hit, 0 errors, 1 left on base; Tri-City 3 - Modesto 2 |
| BOTTOM OF THE 4TH |
|
Modesto Nuts batting - Pitching for Tri-City Dust Devils : LHP Bobby Garcia
|
|
Batting: RHB James Cecchini
|
0-0: Ball 1-0: Ball 2-0: Called Strike 2-1: Fly out, F6 (Line Drive, 6, EV 68.1 MPH)
|
|
Batting: LHB Nelson Burciaga
|
0-0: Called Strike 0-1: Ground out 6-3 (Groundball, 6S, EV 88.8 MPH)
|
|
Batting: RHB Jeff Mace
|
0-0: Called Strike 0-1: Ball 1-1: Fly out, F9 (Flyball, 9S, EV 86.3 MPH)
|
| Bottom of the 4th over - 0 runs, 0 hits, 0 errors, 0 left on base; Tri-City 3 - Modesto 2 |
| TOP OF THE 5TH |
|
Tri-City Dust Devils batting - Pitching for Modesto Nuts : LHP Bill Lopez
|
|
Batting: RHB Desmond Brooks
|
0-0: Called Strike 0-1: Foul Ball, location: 2F 0-2: Ground out 4-3 (Groundball, 4, EV 85.6 MPH)
|
|
Batting: RHB Felipe Hernandez
|
0-0: Ground out 6-3 (Groundball, 56, EV 100.6 MPH)
|
|
Batting: LHB Rafael Codinach
|
0-0: Ball 1-0: Foul Ball, location: 2F 1-1: Ball 2-1: Ball 3-1: Foul Ball, location: 2F 3-2: Foul Ball, location: 2F 3-2: Fly out, F7 (Flyball, 78S, EV 89.4 MPH)
|
| Top of the 5th over - 0 runs, 0 hits, 0 errors, 0 left on base; Tri-City 3 - Modesto 2 |
| BOTTOM OF THE 5TH |
|
Modesto Nuts batting - Pitching for Tri-City Dust Devils : LHP Bobby Garcia
|
|
Batting: RHB Jesus Vila
|
0-0: Foul Ball, location: 2F 0-1: Swinging Strike 0-2: Ball 1-2: Foul Ball, location: 2F 1-2: Foul Ball, location: 2F 1-2: Foul Ball, location: 2F 1-2: Ball 2-2: Ball 3-2: Ground out 5-3 (Groundball, 56S, EV 83.1 MPH)
|
|
Batting: RHB Carlos Leal
|
0-0: Ball 1-0: Foul Ball, location: 2F 1-1: Ball 2-1: Ball 3-1: Fly out, F8 (Flyball, 8LM, EV 93.8 MPH)
|
|
Batting: RHB Andre Lowe
|
0-0: Ball 1-0: Called Strike 1-1: Ball 2-1: SINGLE (Groundball, 4S, EV 68.1 MPH) (infield hit)
|
|
Batting: RHB Mike Miller
|
0-0: Ball 1-0: Foul Ball, location: 2F 1-1: Ball 2-1: Ball 3-1: Called Strike 3-2: Fly out, F7 (Line Drive, 7, EV 106.9 MPH)
|
| Bottom of the 5th over - 0 runs, 1 hit, 0 errors, 1 left on base; Tri-City 3 - Modesto 2 |
| TOP OF THE 6TH |
|
Tri-City Dust Devils batting - Pitching for Modesto Nuts : LHP Bill Lopez
|
|
Pitching: RHP Kyle Hartshorn
|
|
|
Batting: LHB George Priftis
|
0-0: Reached on error, E5 (Groundball, 5, EV 90.0 MPH)
|
|
Batting: RHB Dennis Glynn
|
0-0: Ball 1-0: Ground out 6-3 (Groundball, 6, EV 76.9 MPH) George Priftis to third
|
|
Batting: RHB Gereld McDermott
|
0-0: Ground out 4-3 (Groundball, 4S, EV 90.0 MPH)
|
|
Batting: LHB LaVel Freeman
|
0-0: Ball 1-0: Foul Ball, location: 2F 1-1: Ball 2-1: Ball 3-1: Base on Balls
|
|
Batting: LHB Kevin Jones
|
0-0: Ball 1-0: Ball 2-0: Called Strike 2-1: Called Strike 2-2: TRIPLE (Flyball, 89XD, EV 106.9 MPH) George Priftis scores LaVel Freeman scores
|
|
Batting: RHB Robert Martinez
|
0-0: Ball 1-0: Ball 2-0: Ball 3-0: Called Strike 3-1: Base on Balls
|
|
Batting: RHB Desmond Brooks
|
0-0: Ball 1-0: Called Strike 1-1: Swinging Strike 1-2: Strikes out swinging
|
| Top of the 6th over - 2 runs, 1 hit, 1 error, 2 left on base; Tri-City 5 - Modesto 2 |
| BOTTOM OF THE 6TH |
|
Modesto Nuts batting - Pitching for Tri-City Dust Devils : LHP Bobby Garcia
|
|
Batting: LHB Dave McLaughlin
|
0-0: Ball 1-0: Ground out 4-3 (Groundball, 4, EV 90.6 MPH)
|
|
Batting: RHB Antonio Lopez
|
0-0: Called Strike 0-1: Ball 1-1: Ball 2-1: Ground out 1-3 (Groundball, P, EV 68.1 MPH)
|
|
Batting: RHB James Cecchini
|
0-0: Ball 1-0: Ball 2-0: Ground out 6-3 (Groundball, 6S, EV 86.9 MPH)
|
| Bottom of the 6th over - 0 runs, 0 hits, 0 errors, 0 left on base; Tri-City 5 - Modesto 2 |
| TOP OF THE 7TH |
|
Tri-City Dust Devils batting - Pitching for Modesto Nuts : RHP Kyle Hartshorn
|
|
Batting: RHB Felipe Hernandez
|
0-0: Ball 1-0: Ball 2-0: Called Strike 2-1: Foul Ball, location: 2F 2-2: SINGLE (Line Drive, 78M, EV 94.4 MPH)
|
|
Batting: LHB Rafael Codinach
|
0-0: Foul Ball, location: 2F 0-1: Ball 1-1: DOUBLE (Flyball, 9D, EV 103.8 MPH) Felipe Hernandez to third
|
|
Batting: LHB George Priftis
|
0-0: Intentional Walk
|
|
Batting: RHB Dennis Glynn
|
0-0: Ball 1-0: Swinging Strike 1-1: Fly out, F9 (Flyball, 9LD, EV 94.4 MPH) Runner from 3rd tags up, SCORES, throw by RF Rafael Codinach to third
|
|
Pitching: RHP Jon Mathews
|
|
|
Batting: RHB Gereld McDermott
|
0-0: Called Strike 0-1: Ball 1-1: Fly out, F8 (Flyball, 8RS, EV 91.9 MPH)
|
|
Batting: LHB LaVel Freeman
|
0-0: Called Strike 0-1: Ball 1-1: Ball 2-1: Ball 3-1: Fly out, F9 (Flyball, 9LM, EV 104.4 MPH)
|
| Top of the 7th over - 1 run, 2 hits, 0 errors, 2 left on base; Tri-City 6 - Modesto 2 |
| BOTTOM OF THE 7TH |
|
Modesto Nuts batting - Pitching for Tri-City Dust Devils : LHP Bobby Garcia
|
|
Batting: LHB Nelson Burciaga
|
0-0: Ball 1-0: Swinging Strike 1-1: Ball 2-1: Ball 3-1: Ground out 4-3 (Groundball, 4D, EV 103.1 MPH)
|
|
Batting: RHB Jeff Mace
|
0-0: Ball 1-0: Called Strike 1-1: Called Strike 1-2: SINGLE (Line Drive, 8RS, EV 107.5 MPH)
|
|
Batting: RHB Jesus Vila
|
0-0: Called Strike Jeff Mace is caught stealing 2nd base 2-4 0-1: SINGLE (Groundball, 3D, EV 93.8 MPH)
|
|
Batting: RHB Carlos Leal
|
0-0: Ball 1-0: Called Strike 1-1: Ground out 6-3 (Groundball, 6M, EV 108.8 MPH)
|
| Bottom of the 7th over - 0 runs, 2 hits, 0 errors, 1 left on base; Tri-City 6 - Modesto 2 |
| TOP OF THE 8TH |
|
Tri-City Dust Devils batting - Pitching for Modesto Nuts : RHP Jon Mathews
|
|
Batting: LHB Kevin Jones
|
0-0: Ball 1-0: Called Strike 1-1: Fly out, F8 (Flyball, 8LM, EV 81.9 MPH)
|
|
Batting: RHB Robert Martinez
|
0-0: Called Strike 0-1: Ball 1-1: Foul Ball, location: 2F 1-2: Foul Ball, location: 2F 1-2: Fly out, F9 (Line Drive, 9, EV 86.3 MPH)
|
|
Batting: RHB Desmond Brooks
|
0-0: Called Strike 0-1: Ball 1-1: Called Strike 1-2: Foul Ball, location: 2F 1-2: Strikes out swinging
|
| Top of the 8th over - 0 runs, 0 hits, 0 errors, 0 left on base; Tri-City 6 - Modesto 2 |
| BOTTOM OF THE 8TH |
|
Modesto Nuts batting - Pitching for Tri-City Dust Devils : LHP Bobby Garcia
|
|
Batting: RHB Andre Lowe
|
0-0: Called Strike 0-1: Foul Ball, location: 2F 0-2: Foul Ball, location: 2F 0-2: Ball 1-2: Foul Ball, location: 2F 1-2: Ball 2-2: Foul Ball, location: 2F 2-2: Foul Ball, location: 2F 2-2: Ball 3-2: SINGLE (Groundball, 34D, EV 100.6 MPH)
|
|
Batting: RHB Mike Miller
|
0-0: Ball 1-0: Called Strike 1-1: Swinging Strike 1-2: Foul Ball, location: 2F 1-2: Foul Ball, location: 2F 1-2: Fly out, F8 (Flyball, 8LD, EV 109.4 MPH)
|
|
Batting: LHB Dave McLaughlin
|
0-0: Called Strike 0-1: Swinging Strike 0-2: Ground out 4-3 (Groundball, 4S, EV 69.4 MPH) Andre Lowe to second
|
|
Batting: RHB Antonio Lopez
|
0-0: Called Strike 0-1: Foul Ball, location: 2F 0-2: Foul Ball, location: 2F 0-2: Fly out, F4 (Flyball, 34D, EV 83.8 MPH)
|
| Bottom of the 8th over - 0 runs, 1 hit, 0 errors, 1 left on base; Tri-City 6 - Modesto 2 |
| TOP OF THE 9TH |
|
Tri-City Dust Devils batting - Pitching for Modesto Nuts : RHP Jon Mathews
|
|
Pitching: RHP Glenn Ray
|
|
|
Batting: RHB Felipe Hernandez
|
0-0: Swinging Strike 0-1: Swinging Strike 0-2: Ball 1-2: Foul Ball, location: 2F 1-2: Strikes out swinging
|
|
Batting: LHB Rafael Codinach
|
0-0: Called Strike 0-1: Ball 1-1: Ball 2-1: Foul Ball, location: 2F 2-2: Ball 3-2: Base on Balls
|
|
Batting: LHB George Priftis
|
0-0: Ball 1-0: Ball 2-0: Ball 3-0: Called Strike 3-1: SINGLE (Line Drive, 7S, EV 103.1 MPH) Rafael Codinach to second
|
|
Batting: RHB Dennis Glynn
|
0-0: Fly out, F6 (Popup, 6MD, EV 60.0 MPH)
|
|
Batting: RHB Gereld McDermott
|
0-0: Ball 1-0: Ball 2-0: Ball 3-0: Called Strike 3-1: Fly out, F7 (Flyball, 7, EV 89.4 MPH)
|
| Top of the 9th over - 0 runs, 1 hit, 0 errors, 2 left on base; Tri-City 6 - Modesto 2 |
| BOTTOM OF THE 9TH |
|
Modesto Nuts batting - Pitching for Tri-City Dust Devils : LHP Bobby Garcia
|
|
Batting: RHB James Cecchini
|
0-0: Ball 1-0: Foul Ball, location: 2F 1-1: Ball 2-1: Ball 3-1: Foul Ball, location: 2F 3-2: Ground out 5-3 (Groundball, 5, EV 85.6 MPH)
|
|
Batting: LHB Nelson Burciaga
|
0-0: Ball 1-0: Ground out 4-3 (Groundball, 4M, EV 78.8 MPH)
|
|
Batting: RHB Jeff Mace
|
0-0: Foul Ball, location: 2F 0-1: Ball 1-1: Ground out 6-3 (Groundball, 6, EV 83.8 MPH)
|
| Bottom of the 9th over - 0 runs, 0 hits, 0 errors, 0 left on base; Tri-City 6 - Modesto 2 |
|